 Dungeon Crawl Stone Soup version 0.19-a0-1238-gee6bd96 (webtiles) character file.

219 Vasilisck the Ruffian (level 5, -6/42 HPs)
             Began as a Ghoul Monk on Aug 26, 2016.
             Was a Priest of Hepliaklqana.
             Mangled by Menkaure (9 damage)
             ... on level 4 of the Dungeon.
             The game lasted 00:18:24 (2641 turns).

Vasilisck the Ruffian (Ghoul Monk)                  Turns: 2641, Time: 00:18:24

Health: -6/42      AC:  3    Str: 18    XL:     5   Next: 96%
Magic:  4/4        EV: 19    Int:  5    God:    Hepliaklqana [***...]
Gold:   162        SH:  0    Dex: 16    Spells: 0 memorised, 4 levels left

rFire  + . .     SeeInvis .       - Unarmed
rCold  + + .     Gourm    .     a - +0 robe
rNeg   + + +     Faith    .     (no shield)
rPois  ∞         Spirit   .     (no helmet)
rElec  +         Dismiss  .     (no cloak)
rCorr  +         Reflect  .     o - +0 pair of gloves
MR     .....     Harm     .     (no boots)
Stlth  ++++......               (no amulet)
                                (no ring)
                                g - +2 ring of strength

@: agile, resistant, rotting
A: rotting body, claws 1, carnivore 3, cold resistance 1, negative energy
resistance 3, slow regeneration 1, torment resistance, unbreathing
a: Recall Ancestor, Ancestor Identity, Transference, Renounce Religion


You were on level 4 of the Dungeon.
You worshipped Hepliaklqana.
Hepliaklqana was most pleased with you.
You were not hungry.

You visited 1 branch of the dungeon, and saw 4 of its levels.

You collected 162 gold pieces.

Inventory:

Armour
 a - a +0 robe (worn)
 o - a +0 pair of gloves (worn)
Jewellery
 g - a +2 ring of strength (left hand)
Scrolls
 d - a scroll of recharging
 f - a scroll of enchant weapon
 h - a scroll of blinking {unknown}
 i - 2 scrolls of teleportation
 m - a scroll of fog
Potions
 e - a potion of degeneration {unknown}
 j - 2 potions of brilliance
 k - a potion of lignification
 p - a potion of haste {unknown}
Comestibles
 b - a meat ration
 c - a chunk of flesh


   Skills:
 + Level 4.3 Fighting
 + Level 3.9 Dodging
 + Level 3.8 Stealth
 + Level 4.6 Unarmed Combat


You had 4 spell levels left.
You didn't know any spells.

Dungeon Overview and Level Annotations

Branches:
Dungeon (4/15)
 Temple: D:4-7

Altars:
Gozag
Hepliaklqana
Ru
Sif Muna

Annotations:
D:4 Menkaure


Innate Abilities, Weirdness & Mutations

Your body is rotting away.
You thrive on raw meat.
You are immune to poison.
You have sharp fingernails.
You are carnivorous and can eat meat at any time.
Your flesh is cold resistant. (rC+)
You are immune to negative energy. (rN+++)
You regenerate slowly when monsters are visible.
You are immune to unholy pain and torment.
You can survive without breathing.


Message History

Decima hits Menkaure but does no damage.
The jackal bites you.
* * * LOW HITPOINT WARNING * * *
Unknown command.
Okay, then.
It was a potion of agility.
You feel agile all of a sudden.
The jackal bites Decima.
Decima points at Menkaure and mumbles some strange words.
Menkaure resists with some effort.
Menkaure hits Decima!!
Decima is destroyed!
The jackal misses you.
Eat a chunk of flesh? (ye/n/q)
Okay, then.
It was a potion of resistance.
You feel protected. The jackal bites you.
* * * LOW HITPOINT WARNING * * *
The jackal barely misses you. Menkaure hits you!
You die...

#.#.... #.#....
#.#.... ..... #.#...#
. .... #.#...### ...
. ... #.##....##...$
. ..## #.###hhh...#
..###....h@M.#
#.#....##.##.#
#.#.##.#.... .#
#####...##........#
###..........#......#
....#####.####......#
##### ### #...####
#...# .#


You could see Menkaure and 4 jackals.

Vanquished Creatures
  A water moccasin skeleton (D:4)
  A worker ant (D:4)
  3 adders (D:2)
  2 worms
  A dart slug (D:3)
  2 giant geckos
  6 orcs (D:3)
  2 ball pythons (D:1)
  3 giant cockroaches
  10 goblins
  8 hobgoblins
  4 jackals
  5 quokkas
  6 bats
  5 giant newts
  5 kobolds
  8 rats
72 creatures vanquished.

Vanquished Creatures (collateral kills)
  An orc wizard (D:3)
  A ball python (D:3)
  A kobold (D:3)
  A quokka (D:3)
4 creatures vanquished.

Vanquished Creatures (others)
  2 hexers
2 creatures vanquished.

Grand Total: 78 creatures vanquished

Notes
Turn   | Place    | Note
-------+----------+-------------------------------------------
     0 | D:1      | Vasilisck the Ghoul Monk began the quest for the Orb.
     0 | D:1      | Reached XP level 1. HP: 19/19 MP: 0/0
   172 | D:1      | Reached XP level 2. HP: 21/26 MP: 1/1
   613 | D:1      | Reached XP level 3. HP: 31/31 MP: 2/2
  1141 | D:2      | Reached XP level 4. HP: 40/40 MP: 3/3
  1500 | D:2      | Found an opulent altar of Gozag.
  1636 | D:2      | Found a hazy altar of Hepliaklqana.
  1640 | D:2      | Became a worshipper of Hepliaklqana
  1640 | D:2      | Reached * piety under Hepliaklqana
  1640 | D:2      | Reached ** piety under Hepliaklqana
  1641 | D:2      | Remembered your ancestor Decima as a hexer
  2057 | D:3      | Found a deep blue altar of Sif Muna.
  2178 | D:3      | Found a sacrificial altar of Ru.
  2195 | D:3      | Reached XP level 5. HP: 31/41 MP: 4/4
  2581 | D:4      | Reached *** piety under Hepliaklqana
  2633 | D:4      | Noticed Menkaure
  2641 | D:4      | Mangled by Menkaure

Vault maps used:
D:1:      eino_arrival_water_star, minmay_pentomino_t2
D:2:      marbit_many_paths, grunt_gozag_breadcrumbs
D:3:      nicolae_ru_great_annihilating_truth, overflow_temple_1_default
D:4:      uniq_menkaure, uniq_edmund

Skill      XL: |  1  2  3  4 |
---------------+-------------+-----
Dodging        | 3 |  3.9
Stealth        | 3 |  3.8
Unarmed Combat | 4 |  4.6
Fighting       | 4 |  4.3

Action                   |  1- 3 |  4- 6 || total
-------------------------+-------+-------++-------
Melee: Unarmed           |   142 |   134 ||   276
       Punch             |       |     2 ||     2
Invok: Recall Ancestor   |       |     1 ||     1
       Ancestor Life: He |       |     1 ||     1
       Ancestor Identity |       |     1 ||     1
  Use: Scroll            |       |     7 ||     7
       Potion            |       |     7 ||     7
 Stab: Sleeping          |     9 |     6 ||    15
       Confused          |       |     1 ||     1
       Paralysed         |       |     1 ||     1
  Eat: Chunk             |    15 |    12 ||    27
Armor: Robe              |    28 |    14 ||    42
Dodge: Dodged            |   100 |    80 ||   180
